 Dungeon Crawl Stone Soup version 0.29-a0-925-g0a7a3d12f8 (webtiles) character file.

Game seed: 7054213414955650286

110961 ragingrage the Executioner (level 16, 0/101 HPs)
             Began as a Gargoyle Artificer on July 28, 2022.
             Was a High Priest of Okawaru.
             Slain by a naga warrior
             ... wielding a +0 glaive
              (34 damage)
             ... on level 1 of the Snake Pit.
             The game lasted 00:51:55 (36520 turns).

ragingrage the Executioner (Gargoyle Artificer)    Turns: 36520, Time: 00:51:56

Health: 0/101      AC: 43    Str: 24    XL:     16   Next: 56%
Magic:  19/19      EV: 10    Int: 12    God:    Okawaru [*****.]
Gold:   180        SH:  0    Dex: 10    Spells: 15/15 levels left

rFire   . . .      SeeInvis .   a - +4 executioner's axe (elec)
rCold   . . .      Faith    .   (shield currently unavailable)
rNeg    + . .      Spirit   .   O - +0 shadow dragon scales
rPois   ∞          Reflect  .   X - +2 helmet
rElec   +          Harm     .   V - +1 cloak
rCorr   +          Rampage  .   B - +1 pair of gloves "Zaraxico" {-Cast +Inv rPois rCorr}
Will    +....      NoCast   +   w - +2 pair of boots {Stlth+}
Stlth   +++.......              x - amulet of regeneration
HPRegen 1.06/turn               U - +4 ring of evasion
MPRegen 0.16/turn               J - +4 ring of protection

@: flying, constricted, studying Fighting
A: sickness immunity, AC +12, big wings, negative energy resistance 1,
electricity resistance, torment resistance 1, petrification resistance
a: Renounce Religion, Evoke Invisibility, Heroism, Finesse, Duel


You were on level 1 of the Snake Pit.
You worshipped Okawaru.
Okawaru was extremely pleased with you.
You visited 5 branches of the dungeon, and saw 24 of its levels.
You visited the Abyss 1 time.
You also visited: Gauntlet and Ice Cave.

You collected 2168 gold pieces.
You spent 1988 gold pieces at shops.

Inventory:

Hand Weapons
 a - a +4 executioner's axe of electrocution (weapon)
 b - a +2 shortbow of freezing
 h - a +6 eveningstar of protection
 F - a +4 trident
Missiles
 p - 57 poisoned darts (quivered)
 C - 5 curare-tipped darts
 E - 6 javelins
 S - 13 silver javelins
Armour
 w - a +2 pair of boots of stealth (worn)
 B - the +1 pair of gloves "Zaraxico" (worn) {-Cast +Inv rPois rCorr}
   (You found it in a Gauntlet)

   rPois:     It protects you from poison.
   +Inv:      It lets you turn invisible.
   -Cast:     It prevents spellcasting.
   rCorr:     It protects you from acid and corrosion.
 O - +0 shadow dragon scales (worn)
 V - a +1 cloak (worn)
 X - a +2 helmet (worn)
Jewellery
 g - a +4 ring of protection
 j - a +6 ring of dexterity
 x - an amulet of regeneration (around neck)
 H - a ring of fire
 J - a +4 ring of protection (right hand)
 U - a +4 ring of evasion (left hand)
Wands
 c - a wand of flame (40)
 e - a wand of iceblast (10)
 f - a wand of digging (13)
 q - a wand of light (6)
 y - a wand of mindburst (26)
 T - a wand of polymorph (5)
Scrolls
 d - 12 scrolls of teleportation
 i - 5 scrolls of fog
 r - 8 scrolls of identify
 s - 4 scrolls of vulnerability
 v - a scroll of blinking
 A - 4 scrolls of immolation
 D - 2 scrolls of amnesia
 I - a scroll of poison
 N - a scroll of fear
 R - 2 scrolls of silence
Potions
 k - a potion of lignification
 l - 3 potions of ambrosia
 m - 4 potions of cancellation
 n - 7 potions of curing
 o - 5 potions of haste
 u - 5 potions of mutation
 z - a potion of resistance {unknown}
 G - 3 potions of brilliance
 K - a potion of heal wounds
 M - 3 potions of might
 P - 3 potions of berserk rage {unknown}
 W - 2 potions of magic {unknown}
Miscellaneous
 L - a tin of tremorstones (1/2)
 Q - a phial of floods


   Skills:
 + Level 12.0 Fighting
 * Level 21.0 Axes
 - Level 9.0 Armour
 - Level 4.0 Dodging
 - Level 1.1 Stealth
 - Level 4.0 Invocations
 - Level 10.0 Evocations


You had 15 spell levels left.
You didn't know any spells.
Your spell library contained the following spells:

 Spells                   Type           Power      Damage    Failure   Level
 Apportation              Tloc           0%         N/A       88%         1
 Ensorcelled Hibernation  Hex/Ice        0%         N/A       95%         2
 Static Discharge         Conj/Air       0%         3-3/arc   95%         2
 Dazzling Flash           Conj/Hex       0%         N/A       99%         3
 Inner Flame              Hex/Fire       0%         N/A       99%         3
 Ozocubu's Armour         Ice            0%         N/A       99%         3
 Spider Form              Tmut/Pois      0%         N/A       99%         3
 Swiftness                Air            0%         N/A       99%         3
 Anguish                  Hex/Necr       0%         N/A       100%        4
 Corpse Rot               Necr/Pois/Air  0%         N/A       100%        4
 Dispel Undead            Necr           0%         3d6       100%        4
 Iskenderun's Mystic Bla  Conj/Tloc      0%         2d3       100%        4
 Passage of Golubria      Tloc           0%         N/A       100%        4
 Sticky Flame             Conj/Fire      0%         2d3       100%        4
 Freezing Cloud           Conj/Ice/Air   0%         6-21      100%        5
 Metabolic Englaciation   Hex/Ice        0%         N/A       100%        5
 Yara's Violent Unravell  Hex/Tmut       0%         3d3       100%        5
 Starburst                Conj/Fire      0%         6d3       100%        6
 Ozocubu's Refrigeration  Ice            0%         4d5       100%        7
 Tukima's Dance           Hex            Unusable   N/A       N/A         3
 Summon Lightning Spire   Summ/Air       Unusable   N/A       N/A         4
 Death Channel            Necr           Unusable   N/A       N/A         6
 Simulacrum               Ice/Necr       Unusable   N/A       N/A         6
 Summon Cactus Giant      Summ           Unusable   N/A       N/A         6
 Malign Gateway           Summ/Tloc      Unusable   N/A       N/A         7

Dungeon Overview and Level Annotations

Branches:
Dungeon (15/15)            Temple (1/1) D:6            Lair (5/5) D:9
  Swamp (0/4) Lair:3        Snake (1/4) Lair:3        Slime (0/5) Lair:4
    Orc (2/2) D:11            Elf (0/3) Orc:2        Vaults (0/5) D:13
 Depths (0/4) D:15          IceCv (visited)         Gauntlet (visited)

Altars:
Ashenzari
Cheibriados
Dithmenos
Elyvilon
Fedhas
Gozag
Hepliaklqana
Kikubaaqudgha
Makhleb
Nemelex Xobeh
Okawaru
Qazlal
Ru
Sif Muna
Trog
Uskayaw
Vehumet
Wu Jian
Xom
Yredelemnul
Zin
The Shining One
Jiyva

Shops:
D:1 *   Orc:2 (:[*

Portals:
Trove: D:10 (give horn of Geryon)

Annotations:
D:6 exclusion: downstairs
D:8 1 runed translucent door, Maurice; snetch's ghost, journeyman DjFE
D:9 2 transporters, Rassilon's ghost, journeyman MeCA
D:13 3 runed translucent doors, Kailexub's ghost, journeyman MiFi
Lair:2 1 runed translucent door, exclusion: downstairs, HilariousDeathArtist's ghost, journeyman TrAr
Lair:4 1 runed translucent door
Lair:5 1 exclusion
Orc:1 3 runed translucent doors, HuGe's ghost, journeyman MiBe; RBrandon's ghost, journeyman DjCK; reriks's ghost, journeyman TrFi


Innate Abilities, Weirdness & Mutations

You are immune to sickness and miasma.
Your stone body is resilient. (AC +12)
You are immune to poison.
Your large and strong wings let you fly.
You resist negative energy. (rN+)
You are resistant to electric shocks. (rElec)
You are resistant to unholy torment.
You are immune to petrification.


Message History

The naga warrior constricts you. The naga warrior blocks your attack.
The naga warrior is moderately wounded.
The naga warrior roars a battlecry!
The naga warrior constricts you. The naga warrior blocks your attack.
The naga warrior is moderately wounded.
The naga warrior hits you with a +0 flail.
The naga warrior constricts you.
You slice the naga warrior!!
The naga warrior is severely wounded.
The naga warrior spits poison at you. The splash of poison misses you.
The naga warrior spits poison at you.
The splash of poison hits you but does no damage.
You resist. The naga warrior constricts you.
You barely miss the naga warrior.
The naga warrior is severely wounded.
A naga warrior comes into view. It is wielding a +0 trident.
The naga warrior hits you but does no damage.
The naga warrior constricts you. The naga warrior blocks your attack.
The naga warrior is heavily wounded.
The naga warrior roars a battlecry!
The naga warrior goes into a battle-frenzy!
The naga warrior blocks your attack.
The naga warrior is heavily wounded.
The naga warrior spits poison at you.
The splash of poison hits you but does no damage.
You resist.
The naga warrior hits you with a +0 flail!
The naga warrior constricts you.
You are too injured to fight recklessly!
You are too injured to fight recklessly!
The naga warrior blocks your attack.
The naga warrior is heavily wounded.
The naga warrior hits you with a +0 flail!!!
The naga warrior constricts you.
The naga warrior hits you from afar with a +0 glaive!!
You die...

..........
#........# #
#........# .#
###........##..#
...............#
..........<....#
...............#
...............#
.......@.......#
.....#.†N......#
....
#N.........# ...
.N....######
.......#
.........
...........
.##..........


You could see 3 naga warriors.

Vanquished Creatures
  2 tentacled starspawn (Abyss:2)
  2 orc warlords
  A reaper (Abyss:2)
  A minotaur (Gauntlet)
  A great orb of eyes (Abyss:2)
  A fire dragon (D:12)
  5 boulder beetles
  A hell beast (Gauntlet)
  A rakshasa (D:13)
  4 hydras
  2 ogre magi (D:15)
  A catoblepas (Lair:5)
  2 centaur warriors
  2 dancing weapons (D:13)
  10 death yaks
  11 two-headed ogres
  2 orc high priests
  3 large abominations (Abyss:2)
  Urug (Orc:2)
  Sonja (Lair:1)
  2 fire crabs
  A wretched star (Abyss:2)
  9 skeletal warriors
  3 wizards (D:15)
  11 starcursed masses (Abyss:2)
  A necromancer (D:15)
  A deep elf pyromancer (D:14)
  3 ugly things (D:14)
  An orc sorcerer (Orc:2)
  11 cyclopes
  7 orc knights
  3 manticores
  14 elephants
  7 black mambas
  A naga mage (D:15)
  A smoke demon (Abyss:2)
  Maggie (Lair:1)
  5 cane toads
  3 gargoyles
  A centaur skeleton (D:15)
  A minotaur zombie (Gauntlet)
  3 yaktaurs (D:15)
  2 unseen horrors (D:12)
  2 kobold demonologists (D:12)
  An efreet (D:13)
  3 rime drakes
  6 komodo dragons
  A freezing wraith (D:15)
  A guardian mummy (D:10)
  7 trolls
  4 polar bears
  A raiju (shapeshifter) (D:15)
  33 blink frogs
  Grinder (D:5)
  7 dream sheep (Lair:3)
  A centaur simulacrum (D:15)
  A water elemental (D:13)
  3 shadows
  Sigmund (D:3)
  50 yaks
  4 wyverns
  A human (D:11)
  4 wraiths
  Eustachio (D:6)
  5 fire bats (Gauntlet)
  3 basilisks
  23 vampire mosquitoes
  A steam dragon (Lair:1)
  A redback simulacrum (D:15)
  5 nagas (Lair:3)
  12 wargs
  21 water moccasins
  6 acid dragons
  3 hell hounds (Gauntlet)
  41 orc warriors
  A black bear (shapeshifter) (D:15)
  An ice beast (D:5)
  2 sky beasts
  5 black bears
  11 ogres
  14 wolves
  7 centaurs
  A phantom (D:5)
  4 kobold brigands
  Blork the orc (D:5)
  A gnoll sergeant (D:8)
  2 scorpions (D:4)
  12 bullfrogs
  2 necrophages (D:6)
  5 small abominations (Abyss:2)
  4 wights (D:8)
  10 killer bees
  A lindwurm simulacrum (IceCv)
  3 electric eels
  4 howler monkeys (D:9)
  A komodo dragon simulacrum (IceCv)
  2 gnoll boudas
  4 hounds
  A jelly (D:6)
  24 orc priests
  An iguana (D:6)
  Ijyb (D:3)
  29 orc wizards
  Terence (D:2)
  A boggart skeleton (D:15)
  Robin (D:3)
  9 gnolls
  2 acid dragon simulacra (IceCv)
  2 adders
  13 white imps
  3 ufetubi
  2 steam dragon simulacra (IceCv)
  A worm (D:2)
  4 dart slugs
  84 orcs
  7 ball pythons
  4 bats
  5 endoplasms
  6 giant cockroaches
  9 goblins
  11 hobgoblins
  3 jackals (D:4)
  5 quokkas
  5 frilled lizards
  15 kobolds
  5 rats
  3 starspawn tentacles (Abyss:2)
755 creatures vanquished.

Vanquished Creatures (collateral kills)
  An endoplasm (D:4)
  2 goblins (D:3)
  A kobold (D:3)
4 creatures vanquished.

Vanquished Creatures (others)
  A death yak (Lair:5)
  A yak (D:5)
  A vampire mosquito (D:12)
  A centaur (D:14)
  An orc wizard (D:4)
  2 gnolls (D:4)
  An orc (Orc:2)
  2 goblins (D:3)
  2 hobgoblins (D:3)
  3 kobolds
  A bush (Lair:5)
  71 fungi
  77 plants
  4 starspawn tentacles (Abyss:2)
  7 withered plants
175 creatures vanquished.

Grand Total: 934 creatures vanquished

Notes
Turn   | Place    | Note
-------+----------+-------------------------------------------
     0 | D:1      | ragingrage the Gargoyle Artificer began the quest for the
                  | Orb.
     0 | D:1      | Reached XP level 1. HP: 12/12 MP: 1/1
   583 | D:1      | Reached XP level 2. HP: 15/17 MP: 2/2
   906 | D:1      | Found Ridamou's Assorted Antiques.
  1683 | D:1      | Reached XP level 3. HP: 22/22 MP: 3/3
  1893 | D:1      | Found a faded altar of an unknown god.
  1915 | D:1      | Got the Tome of Turbulent Translocation
  2142 | D:1      | Reached skill level 1 in Axes
  2546 | D:2      | Noticed Terence
  2554 | D:2      | Killed Terence
  2555 | D:2      | Reached XP level 4. HP: 25/27 MP: 4/4
  3015 | D:3      | Noticed Robin
  3148 | D:3      | Noticed Ijyb
  3148 | D:3      | Noticed Sigmund
  3152 | D:3      | Killed Sigmund
  3152 | D:3      | Killed Ijyb
  3153 | D:3      | Reached skill level 3 in Axes
  3153 | D:3      | Reached XP level 5. HP: 21/31 MP: 5/5
  3153 | D:3      | Reached XP level 6. HP: 25/36 MP: 6/6
  3153 | D:3      | Killed Robin
  4310 | D:4      | Reached skill level 5 in Evocations
  4346 | D:4      | Reached skill level 4 in Axes
  4346 | D:4      | Reached XP level 7. HP: 34/40 MP: 7/7
  5191 | D:5      | Entered Level 5 of the Dungeon
  5690 | D:5      | Reached XP level 8. HP: 38/48 MP: 8/8
  5825 | D:5      | Reached skill level 5 in Axes
  5917 | D:5      | Noticed a yak
  5917 | D:5      | Noticed a yak
  5917 | D:5      | Noticed a yak
  5917 | D:5      | Noticed a yak
  5939 | D:5      | Killed a yak
  6086 | D:5      | Noticed Grinder
  6096 | D:5      | Killed Grinder
  6097 | D:5      | Reached skill level 5 in Fighting
  6188 | D:5      | Reached skill level 6 in Axes
  6619 | D:5      | Reached XP level 9. HP: 43/54 MP: 9/9
  7075 | D:5      | Noticed Blork the orc
  7082 | D:5      | Killed Blork the orc
  7947 | D:6      | Reached skill level 7 in Axes
  8141 | D:6      | Found a staircase to the Ecumenical Temple.
  8144 | D:6      | Noticed Eustachio
  8178 | D:6      | Killed Eustachio
  8279 | D:6      | Found a hazy altar of Hepliaklqana.
  8346 | Temple   | Entered the Ecumenical Temple
  8538 | Temple   | Became a worshipper of Warmaster Okawaru
  8651 | D:6      | Noticed a komodo dragon
  9318 | D:7      | Reached * piety under Okawaru
  9319 | D:7      | Reached XP level 10. HP: 30/61 MP: 10/10
  9334 | D:7      | Reached skill level 5 in Armour
 10333 | D:7      | Identified the +1 robe of the Beginning {Slay+2}
 10885 | D:7      | Reached skill level 8 in Axes
 11138 | D:8      | Found a snail-covered altar of Cheibriados.
 11192 | D:8      | Found a runed translucent door.
 11193 | D:8      | Noticed snetch's ghost (journeyman DjFE)
 11237 | D:8      | Noticed Maurice
 11453 | D:8      | Reached ** piety under Okawaru
 12815 | D:9      | Found a staircase to the Lair.
 13233 | D:9      | Found a transporter.
 13236 | D:9      | Noticed a cyan ugly thing
 13237 | D:9      | Found a transporter.
 13237 | D:9      | Noticed Rassilon's ghost (journeyman MeCA)
 13247 | D:9      | Noticed a two-headed ogre
 14273 | D:9      | Reached *** piety under Okawaru
 14274 | D:9      | Reached XP level 11. HP: 33/69 MP: 11/11
 14811 | D:10     | Entered Level 10 of the Dungeon
 14873 | Lair:1   | Entered Level 1 of the Lair of Beasts
 15078 | Lair:1   | Reached skill level 9 in Axes
 15669 | Lair:1   | Noticed Maggie
 15737 | Lair:1   | Killed Maggie
 15737 | Lair:1   | Reached **** piety under Okawaru
 16134 | Lair:1   | Noticed Sonja
 16137 | Lair:1   | Killed Sonja
 16138 | Lair:1   | Reached skill level 10 in Evocations
 16444 | Lair:1   | Reached skill level 10 in Axes
 16870 | Lair:2   | Identified the +3 great sword "Ydghung" {vorpal, rN+ SInv}
 17043 | Lair:2   | You fall into a shaft and drop 1 floor!
 17043 | Lair:3   | Found a frozen archway.
 17290 | IceCv    | Entered an ice cave
 18200 | Lair:2   | Noticed a six-headed hydra
 18215 | Lair:2   | Killed a six-headed hydra
 18216 | Lair:2   | Reached skill level 11 in Axes
 18296 | Lair:2   | Reached ***** piety under Okawaru
 18524 | Lair:2   | Noticed an eight-headed hydra
 18550 | Lair:2   | Reached XP level 12. HP: 76/76 MP: 9/12
 18558 | Lair:2   | HP: 2/76 [eight-headed hydra (9)]
 18562 | Lair:2   | Killed an eight-headed hydra
 18563 | Lair:2   | Reached skill level 12 in Axes
 19525 | Lair:2   | Found a runed translucent door.
 19525 | Lair:2   | Noticed HilariousDeathArtist's ghost (journeyman TrAr)
 20626 | Lair:3   | Found a staircase to the Swamp.
 20939 | Lair:3   | Reached skill level 13 in Axes
 21406 | Lair:3   | Found a staircase to the Snake Pit.
 21678 | Lair:3   | Identified the +4 triple sword of the Brewing Gods {speed,
                  | rPois Int+5} (Okawaru gifted it to you on level 3 of the
                  | Lair of Beasts)
 21678 | Lair:3   | Received a gift from Okawaru
 22007 | Lair:3   | Reached skill level 14 in Axes
 22560 | Lair:4   | Received a gift from Okawaru
 22753 | Lair:4   | Reached XP level 13. HP: 73/80 MP: 13/13
 22972 | Lair:4   | Reached skill level 15 in Axes
 23434 | Lair:4   | Found a runed translucent door.
 23434 | Lair:4   | Found a viscous altar of Jiyva.
 23435 | Lair:4   | Found a staircase to the Slime Pits.
 23721 | Lair:5   | Entered Level 5 of the Lair of Beasts
 24038 | Lair:5   | Reached skill level 16 in Axes
 25462 | Lair:5   | Reached skill level 17 in Axes
 25463 | Lair:5   | Received a gift from Okawaru
 25757 | Lair:5   | Reached ****** piety under Okawaru
 25765 | Lair:5   | Gained mutation: Your large and strong wings let you fly.
                  | [Gargoyle growth]
 25765 | Lair:5   | Reached XP level 14. HP: 70/86 MP: 12/14
 25938 | Lair:5   | Identified the +1 plate armour "Dusavem" {rElec} (Okawaru
                  | gifted it to you on level 5 of the Lair of Beasts)
 25938 | Lair:5   | Received a gift from Okawaru
 26782 | Lair:5   | Reached skill level 18 in Axes
 26823 | Lair:5   | Reached skill level 1 in Dodging
 26823 | Lair:5   | Reached skill level 1 in Invocations
 27586 | D:10     | Identified the +5 great sword "Zoturph" {vamp, rC+ Str+4
                  | Dex+4}
 27606 | D:10     | Found a portal to a secret trove of treasure.
 28390 | D:11     | Reached skill level 10 in Fighting
 28457 | D:11     | You are sucked into a shaft and drop 1 floor!
 28802 | D:12     | Found a gate leading to a gauntlet.
 28821 | Gauntlet | Entered a Gauntlet
 28821 | Gauntlet | Found a transporter.
 28830 | Gauntlet | Found a transporter.
 28848 | Gauntlet | Found a transporter.
 28851 | Gauntlet | Found a transporter.
 28872 | Gauntlet | Found a transporter.
 28885 | Gauntlet | Found a transporter.
 28893 | Gauntlet | Found a transporter.
 28897 | Gauntlet | Found a transporter.
 28925 | Gauntlet | Noticed a quicksilver ooze
 28926 | Gauntlet | Found a transporter.
 28955 | Gauntlet | Found a transporter.
 28955 | Gauntlet | Found a transporter.
 28960 | Gauntlet | Found a transporter.
 29143 | Gauntlet | Identified the ring of Doubts {rN+ Int+4}
 29228 | Gauntlet | Identified the +1 pair of gloves "Zaraxico" {-Cast +Inv
                  | rPois rCorr}
 29296 | Gauntlet | Got Ejiarr's Guidebook on the United Pyre
 29373 | D:12     | Identified the +7 flail of Chagrin {freeze, Contam *Corrode
                  | rPois Int+10}
 29570 | D:12     | Received a gift from Okawaru
 30312 | D:11     | Reached XP level 15. HP: 95/95 MP: 18/18
 30443 | D:11     | Found a staircase to the Orcish Mines.
 30687 | D:11     | Found a burning altar of Makhleb.
 31105 | D:13     | Found a runed translucent gate.
 31106 | D:13     | Found a runed translucent gate.
 31107 | D:13     | Found a runed translucent gate.
 31107 | D:13     | Noticed Kailexub's ghost (journeyman MiFi)
 31384 | D:13     | Identified the +10 long sword "Ygaup" {elec, Dex+4}
 31567 | D:13     | Identified the +3 hat of the Prince of Darkness {Rampage
                  | +Blink rF- Str-4} (Okawaru gifted it to you on level 13 of
                  | the Dungeon)
 31567 | D:13     | Received a gift from Okawaru
 31606 | D:13     | Found a gate to the Vaults.
 32907 | D:15     | Entered Level 15 of the Dungeon
 33058 | D:15     | Reached skill level 19 in Axes
 33610 | D:15     | Identified the +0 chain mail of Relativism {Drain rPois rF+
                  | rCorr} (Okawaru gifted it to you on level 15 of the
                  | Dungeon)
 33610 | D:15     | Received a gift from Okawaru
 33760 | D:15     | Found a staircase to the Depths.
 33762 | Abyss:2  | Cast into level 2 of the Abyss (a wizard)
 33829 | Abyss:2  | Noticed a tentacled starspawn
 33836 | Abyss:2  | Killed a tentacled starspawn
 33897 | Abyss:2  | Noticed a tentacled starspawn
 33915 | Abyss:2  | Killed a tentacled starspawn
 33916 | Abyss:2  | Reached XP level 16. HP: 61/101 MP: 16/19
 33978 | Abyss:2  | Reached skill level 20 in Axes
 34090 | Abyss:2  | Noticed a bone dragon
 34149 | Abyss:2  | Noticed a quicksilver dragon
 34163 | D:15     | Escaped the Abyss
 34468 | Orc:1    | Entered Level 1 of the Orcish Mines
 34588 | Orc:1    | Found a runed translucent gate.
 34595 | Orc:1    | Found a runed translucent gate.
 34595 | Orc:1    | Found a runed translucent gate.
 34595 | Orc:1    | Noticed RBrandon's ghost (journeyman DjCK)
 34596 | Orc:1    | Noticed reriks's ghost (journeyman TrFi)
 34596 | Orc:1    | Noticed HuGe's ghost (journeyman MiBe)
 35016 | Orc:2    | Entered Level 2 of the Orcish Mines
 35078 | Orc:2    | Identified the +1 chain mail "Ziuruts" {+Inv rF+} (Okawaru
                  | gifted it to you on level 2 of the Orcish Mines)
 35078 | Orc:2    | Received a gift from Okawaru
 35275 | Orc:2    | Found a staircase to the Elven Halls.
 35289 | Orc:2    | Found a burning altar of Makhleb.
 35296 | Orc:2    | Found Onomano's General Store.
 35296 | Orc:2    | Paralysed by an orc sorcerer for 5 turns
 35330 | Orc:2    | Bought a wand of iceblast (6) for 172 gold pieces
 35373 | Orc:2    | Noticed Urug
 35512 | Orc:2    | Killed Urug
 35608 | Orc:2    | Found Zyxkept's Book Shop.
 35638 | Orc:2    | Found Munom's Antique Armour Shoppe.
 35646 | Orc:2    | Bought a glowing helmet for 202 gold pieces
 35792 | Orc:2    | Found Laramazuko's Antique Weapon Shop.
 35802 | Orc:2    | Reached skill level 21 in Axes
 36104 | D:8      | Identified a scroll of acquirement
 36238 | D:1      | Bought a wand of flame (2) for 32 gold pieces
 36238 | D:1      | Bought a scroll of acquirement for 1196 gold pieces
 36238 | D:1      | Bought a scroll of identify for 46 gold pieces
 36238 | D:1      | Bought a scroll of teleportation for 69 gold pieces
 36238 | D:1      | Bought a potion of haste for 230 gold pieces
 36238 | D:1      | Bought 2 viscous white potions for 41 gold pieces
 36238 | D:1      | Acquired a manual of Fighting
 36499 | Snake:1  | Entered Level 1 of the Snake Pit
 36520 | Snake:1  | Slain by a naga warrior

Illustrated notes

Levels and vault maps discovered:
D:1:      dpeg_arrival_windows_large_door, layout_basic,
          hellmonk_ecumenical_altar_defaced_shrine, serial_shops,
          nicolae_shop_trees, st_stairs_1
D:2:      layout_rooms, serial_bayou_ford_a, uniq_terence
D:3:      layout_basic, uniq_ijyb, uniq_robin, uniq_sigmund
D:4:      layout_loops_ring
D:5:      layout_basic, nicolae_hexahallways, uniq_blork_the_orc, uniq_grinder
D:6:      layout_loops_cross, nicolae_overflow_hidden_temple,
          minmay_temple_entry_overgrown, lightli_corner_chamber, uniq_eustachio
D:7:      layout_basic, grunt_decor_fettered
D:8:      layout_basic, kennysheep_slug_shrine, gammafunk_ghost_grave,
          uniq_maurice
D:9:      layout_roguey, erik_lair_orcish_takeover, gammafunk_ghost_arena,
          kennysheep_minor_cross
D:10:     layout_loops_cross, nicolae_trove_entry_path_of_doom
D:11:     minmay_spotlight, layout_stronghold, erik_orc_4,
          makhleb_altar_promises_db
D:12:     kennysheep_blocky_room, layout_loops_corners, gauntlet_entry_generic
D:13:     layout_irregular_city, erik_vaults_1, serial_bayou,
          serial_bayou_crossing, serial_bayou_lagoon_a, serial_bayou_pond_c,
          serial_bayou_pond_d, ebering_ghost_rock_garden
D:14:     layout_grid_maze, minmay_misc_feat_doors
D:15:     grunt_enter_depths_magical_seal, layout_irregular_city,
          chequers_serial_rivers_large_b, nrook_uturn
Temple:   nicolae_temple_bog_church
Lair:1:   layout_chaotic_city, uniq_maggie, uniq_sonja
Lair:2:   layout_hall_layers, hellmonk_ghost_happy_afterlife
Lair:3:   layout_chaotic_city, minmay_swamp_entry_eels,
          minmay_snake_entry_guardpost_medium, portal_ice_cave_entry_imps
Lair:4:   layout_concentric_octagons, slime_entry_2
Lair:5:   grunt_lair_end_beastmaster, layout_regular_city, minivault_19,
          grunt_megastairs_5
Snake:1:  layout_basic, nicolae_snake_linked_coils, guppyfry_library_mini,
          uniq_donald
Orc:1:    layout_diamond_mine, special_room [special_room_orc], basic_altar,
          gammafunk_ghost_cemetery
Orc:2:    grunt_orc_gardens, layout_caves, grunt_orc_garden, grunt_orc_garden,
          grunt_orc_garden, grunt_orc_garden, basic_altar, uniq_urug

Skill      XL: |  1  2  3  4  5  6  7  8  9 10 11 12 13 14 15 16 |
---------------+-------------------------------------------------+-----
Fighting       | 2 4 5 6 8 9 11 12 | 12.0
Evocations     | 3 4 5 7 8 9 10 | 10.0
Axes           | 1 3 4 6 7 8 11 14 17 18 19 21 | 21.0
Armour         | 4 6 7 9 |  9.0
Dodging        | 3 4 |  4.0
Invocations    | 4 |  4.0
Stealth        | |  1.1

Action                   |  1- 3 |  4- 6 |  7- 9 | 10-12 | 13-15 | 16-18 || total
-------------------------+-------+-------+-------+-------+-------+-------++-------
Melee: Club              |    57 |       |       |       |       |       ||    57
       Hand axe          |    66 |    50 |    13 |       |       |       ||   129
       Short sword       |     3 |       |       |       |       |       ||     3
       Dagger            |       |    50 |   331 |   200 |       |       ||   581
       Punch             |       |     1 |     6 |    22 |    13 |       ||    42
       War axe           |       |       |    20 |    37 |       |       ||    57
       Whip              |       |       |       |   283 |    33 |       ||   316
       Trident           |       |       |       |    29 |    14 |       ||    43
       Broad axe         |       |       |       |   397 |   681 |       ||  1078
       Executioner's axe |       |       |       |       |   365 |   292 ||   657
 Fire: Shortbow          |       |       |       |       |     4 |       ||     4
Throw: Dart              |       |       |       |     9 |    34 |       ||    43
       Javelin           |       |       |       |     1 |       |       ||     1
Invok: Heroism           |       |       |       |     5 |    10 |     6 ||    21
       Finesse           |       |       |       |       |     2 |     1 ||     3
Evoke: Wand              |     8 |    11 |    24 |    30 |     5 |     4 ||    82
       Tin of tremorston |       |       |       |       |     2 |     2 ||     4
       Phial of floods   |       |       |       |       |     1 |     1 ||     2
  Use: Scroll            |       |       |       |    15 |    10 |     1 ||    26
       Potion            |       |       |       |     7 |     5 |       ||    12
 Stab: Sleeping          |     2 |       |       |     2 |     6 |     2 ||    12
       Invisible         |       |       |     1 |     2 |       |     2 ||     5
       Petrified         |       |       |       |       |    23 |       ||    23
       Petrifying        |       |       |       |       |     3 |       ||     3
Armor: Leather armour    |    58 |       |    32 |   227 |       |       ||   317
       Ring mail         |       |    37 |       |       |       |       ||    37
       Plate armour      |       |    40 |   237 |       |    83 |       ||   360
       Swamp dragon scal |       |       |       |   313 |   183 |       ||   496
       Skin              |       |       |       |    27 |       |       ||    27
       Acid dragon scale |       |       |       |       |   105 |       ||   105
       Shadow dragon sca |       |       |       |       |   354 |   176 ||   530
Dodge: Dodged            |    74 |    54 |   137 |   496 |   553 |   162 ||  1476
Block: Other             |       |       |       |     1 |    76 |       ||    77

Table legend: (Time is in decaauts)
 A = Elapsed time spent in this place.
 B = Non-inter-level travel time spent in this place.
 C = Inter-level travel time spent in this place.
 D = Time resting spent in this place.
 E = Time spent auto-exploring this place.
 F = Levels seen in this place.
 G = Mean time per level.
                   A        B        C        D        E       F      G
               +--------+--------+--------+--------+--------+-----+--------+
         Total |  36207 |  34169 |   2038 |  10198 |  16563 |  27 | 1341.0 |
       Dungeon |  21392 |  19928 |   1464 |   4232 |  11645 |  15 | 1426.1 |
        Temple |    219 |    192 |     27 |      0 |    175 |   1 |  219.0 |
          Lair |  11289 |  10816 |    473 |   4929 |   3695 |   5 | 2257.8 |
     Snake Pit |     18 |     18 |      0 |      0 |      0 |   1 |   18.0 |
  Orcish Mines |   1556 |   1486 |     70 |    195 |    860 |   2 |  778.0 |
         Abyss |    386 |    386 |      0 |     59 |     16 |   1 |  386.0 |
      Ice Cave |    829 |    829 |      0 |    733 |      7 |   1 |  829.0 |
      Gauntlet |    515 |    515 |      0 |     50 |    164 |   1 |  515.0 |
               +--------+--------+--------+--------+--------+-----+--------+

Top non-repeatable levels by time:
  Lair:2: 2791 daAuts
  Lair:5: 2558 daAuts
  Lair:3: 2424 daAuts
     D:1: 2364 daAuts
     D:7: 2092 daAuts
     D:8: 2060 daAuts
     D:5: 2053 daAuts
     D:9: 1883 daAuts
  Lair:1: 1771 daAuts
  Lair:4: 1743 daAuts
     D:6: 1604 daAuts
    D:12: 1342 daAuts
     D:3: 1243 daAuts
    D:11: 1094 daAuts
     D:4: 1057 daAuts
